 Dungeon Crawl Stone Soup version 0.29-a0-371-g91724d5b39 (webtiles) character file.

Game seed: 15249894704369972442

2700 spaghetti the Fighter (level 9, -16/81 HPs)
             Began as a Gnoll Wanderer on May 2, 2022.
             Was a Priest of Okawaru.
             Demolished by a large slime creature (31 damage)
             ... on level 8 of the Dungeon.
             The game lasted 00:13:02 (9517 turns).

spaghetti the Fighter (Gnoll Wanderer)              Turns: 9517, Time: 00:13:03

Health: -16/81     AC: 17    Str: 17    XL:     9   Next: 65%
Magic:  14/15      EV:  9    Int: 17    God:    Okawaru [***...]
Gold:   451        SH:  0    Dex: 11    Spells: 16/16 levels left

rFire   . . .      SeeInvis .   p - +3 short sword (vamp) {short}
rCold   . . .      Faith    .   (no shield)
rNeg    . . .      Spirit   .   C - +1 plate armour
rPois   .          Reflect  .   (no helmet)
rElec   .          Harm     .   (no cloak)
rCorr   .          Rampage  .   (no gloves)
Will    .....                   (no boots)
Stlth   ..........              (no amulet)
HPRegen 0.23/turn               r - +6 ring of intelligence
MPRegen 0.14/turn               (no ring)

@: heroic
A: fangs 1, strong nose, distributed training
a: Renounce Religion, Heroism


You were on level 8 of the Dungeon.
You worshipped Okawaru.
Okawaru was most pleased with you.
You visited 2 branches of the dungeon, and saw 9 of its levels.

You collected 495 gold pieces.
You spent 44 gold pieces at shops.


Innate Abilities, Weirdness & Mutations

You have very sharp teeth.
Your uncanny sense of smell can sniff out nearby items.
Your experience applies equally to all skills.


   Skills:
 + Level 11.3(16.3) Fighting
 + Level 4.4(9.4) Short Blades
 + Level 4.4(9.4) Long Blades
 + Level 4.4(9.4) Axes
 + Level 4.4(9.4) Maces & Flails
 + Level 5.2(10.2) Polearms
 + Level 4.4(9.4) Staves
 + Level 4.4(9.4) Slings
 + Level 4.4(9.4) Bows
 + Level 4.4(9.4) Crossbows
 + Level 4.4(9.4) Throwing
 + Level 9.7(14.7) Armour
 + Level 4.4(9.4) Dodging
 + Level 4.4(9.4) Stealth
 + Level 4.4(9.4) Shields
 + Level 4.4(9.4) Unarmed Combat
 + Level 4.4 Spellcasting
 + Level 3.6 Conjurations
 + Level 3.6 Hexes
 + Level 3.6 Summonings
 + Level 3.6 Necromancy
 + Level 3.6 Translocations
 + Level 3.6 Transmutations
 + Level 3.6 Fire Magic
 + Level 3.6 Ice Magic
 + Level 3.6 Air Magic
 + Level 3.6 Earth Magic
 + Level 3.6 Poison Magic
 + Level 4.9 Invocations
 + Level 4.4 Evocations


You had 16 spell levels left.
You didn't know any spells.
Your spell library contained the following spells:

 Spells                   Type           Power      Damage    Failure   Level
 Corpse Rot               Necr/Air       32%        N/A       63%         2
 Dispel Undead            Necr           16%        3d10      99%         4
 Death Channel            Necr           Unusable   N/A       N/A         6

Inventory:

Hand Weapons
 a - a +1 spear {polearm}
 i - a +0 mace of venom {mace}
   (You found it on level 2 of the Dungeon)
 p - a +3 vampiric short sword (weapon) {short}
   (You took it off an orc on level 3 of the Dungeon)
 s - a +0 quarterstaff of speed {staff}
   (You found it on level 4 of the Dungeon)
Missiles
 h - 13 poisoned darts {throwing}
 j - 168 stones (quivered) {throwing}
 k - 7 boomerangs {throwing}
 v - 4 silver boomerangs {throwing}
Armour
 b - a +0 chain mail
 C - a +1 plate armour (worn)
   (You found it on level 6 of the Dungeon)
Magical Staves
 G - a staff of air {!astaff}
   (You found it on level 8 of the Dungeon)
Jewellery
 q - a ring of ice
   (You found it on level 4 of the Dungeon)
 r - a +6 ring of intelligence (left hand)
   (You took it off a hobgoblin on level 4 of the Dungeon)
 D - a ring of ice
   (You found it on level 7 of the Dungeon)
 E - a ring of willpower
   (You found it on level 6 of the Dungeon)
Wands
 m - a wand of flame (21)
   (You found it on level 6 of the Dungeon)
 x - a wand of charming (5)
   (You took it off a kobold brigand on level 7 of the Dungeon)
 y - a wand of iceblast (6)
   (You found it on level 5 of the Dungeon)
 A - a wand of digging (9)
   (You found it on level 5 of the Dungeon)
 F - a wand of polymorph (4)
   (You found it on level 6 of the Dungeon)
Scrolls
 c - 7 scrolls of teleportation {@r4}
 e - 2 scrolls of summoning
 f - 3 scrolls of blinking {!r}
 g - 2 scrolls of amnesia
 n - a scroll of magic mapping {!r}
 o - 2 scrolls of brand weapon
 w - a scroll of noise {!r}
 B - a scroll of immolation {unknown}
 H - a scroll of identify {@r1}
Potions
 d - a potion of ambrosia
 l - a potion of resistance
 t - 2 potions of lignification {unknown}
 u - 2 potions of brilliance {unknown}
 z - 2 potions of mutation {unknown}
 I - a potion of heal wounds {@q2}
 J - a potion of flight {unknown}

Dungeon Overview and Level Annotations

Branches:
Dungeon (8/15)             Temple (1/1) D:4
   Lair: D:8-11

Altars:
Ashenzari
Cheibriados
Fedhas
Gozag
Hepliaklqana
Kikubaaqudgha
Makhleb
Nemelex Xobeh
Okawaru
Qazlal
Ru
Sif Muna
Trog
Vehumet
Wu Jian
Xom
Yredelemnul
The Shining One

Shops:
D:2 ?   D:7 !

Annotations:
D:3 1 runed translucent door, jlumianski's ghost, weakling DsFi
D:6 1 exclusion

###.######.)##.#.......#
....# #).##.......#.#
....#####..##..######
#.....#..##..#####
#........##..#...
#.....#.###..#.####
#.##+##.# #.......#
###.##.##.####.#<##.#
####....(((.J@......##.#
......$.#.##J####.####.#.#
####.##.#.#....##.....<..#
# #.#.#..#.##############
#.#.#(.#.###..........# #.
#.#((..#...#.########.# .
#..###.###.#.# #.#
.##........#.#.# #.#
..#...##.#.#.#.# #.#


You could see a large slime creature and a slime creature.


Message History

The orc barely misses you. 😕 HP[-3]
You take 3 damage, and now have 65/81 hp.
You hit the slime creature.
You feel better. The slime creature hits you. 😕 HP[+2]
You regained 2 hp, and now have 67/81 hp.
You puncture the slime creature! The orc closely misses you. x2 😕 HP[+1]
You hit the slime creature.
You feel better.
The slime creature hits you but does no damage. 😕 HP[+2]
You regained 2 hp, and now have 70/81 hp.
You hit the slime creature.
You feel better.
You punch the slime creature.
The orc hits you but does no damage. x2 😕 HP[+2]
You regained 2 hp, and now have 72/81 hp.
You puncture the slime creature!
You feel better.
You punch the slime creature.
You kill the slime creature!
Okawaru is honoured by your kill. The orc hits you with a +0 hand axe.
The orc barely misses you. 😕 HP[-2]
You take 2 damage, and now have 70/81 hp.
You barely miss the orc. You punch the orc.
You kill the orc!
Okawaru accepts your kill.
You hit the orc. The orc barely misses you.
You puncture the orc!
You feel better.
You kill the orc!
Okawaru accepts your kill. 😕 HP[+2]
You regained 2 hp, and now have 72/81 hp.
You feel like a meek peon again.
Key pressed, stopping explore.
You now have 420 gold pieces (gained 12).
Things that are here:
a +0 hand axe {axe}; a +0 leather armour; an orc corpse 😎 HP[+9] MP[+1]
Your hp is fully restored (81).
Your mp is fully restored (15).
You now have 434 gold pieces (gained 14).
Things that are here:
a +0 short sword {short}; a +0 ring mail
j - 172 stones {throwing} (gained 1)
j - 173 stones {throwing} (gained 1)
Found a stone staircase leading down.
j - 174 stones {throwing} (gained 1)
j - 175 stones {throwing} (gained 1)
Things that are here:
a +0 hand axe {axe}; a +0 leather armour; a +0 flail {mace} You now have 443 gold pieces (gained 9).
Things that are here:
a +0 hand axe {axe}; a +0 leather armour; a +0 flail {mace} Key pressed, stopping explore.
I - a potion of heal wounds {@q2};
J - a cyan potion
Found a stone staircase leading up.
You now have 451 gold pieces (gained 8).
There are monsters nearby!
There are monsters nearby!
You gain the combat prowess of a mighty hero.
The slime creature quivers. 😎 MP[-2]
You lost 2 mp, and now have 13/15 mp.
You throw a stone {throwing}. The slime creature quivers.
The stone {throwing} hits the slime creature.
Two slime creatures merge to form a large slime creature.
You throw a stone {throwing}.
The stone {throwing} hits the large slime creature!
You throw a stone {throwing}.
The stone {throwing} hits the large slime creature.
You throw a stone {throwing}.
The stone {throwing} hits the large slime creature but does no damage.
You throw a stone {throwing}.
The stone {throwing} hits the large slime creature.
You throw a stone {throwing}.
The stone {throwing} hits the large slime creature but does no damage.
You throw a stone {throwing}.
The stone {throwing} hits the large slime creature.
You barely miss the large slime creature. 😎 MP[+1]
You hit the large slime creature. The large slime creature hits you!!
You hear a shout!
You are too injured to fight recklessly!
You are too injured to fight recklessly!
You are too injured to fight recklessly! 😮 HP[-31]
You take 31 damage, and now have 50/81 hp.
MASSIVE DAMAGE!! (PAUSE) Unknown command.
You hit the large slime creature but do no damage.
You hear a shout!
The slime creature hits you!
* * * LOW HITPOINT WARNING * * *
The large slime creature hits you!!
* * * LOW HITPOINT WARNING * * *
😱 HP[-35]
You take 35 damage, and now have 15/81 hp.
MASSIVE DAMAGE!! (PAUSE)
The large slime creature attacks as you move away!
The large slime creature hits you!!
You die...

Skill      XL: |  1  2  3  4  5  6  7  8  9 |
---------------+----------------------------+-----
Fighting       | 11 | 11.3
Short Blades   | 1 2 3 4 |  4.4
Long Blades    | 1 2 3 4 |  4.4
Axes           | 1 2 3 4 |  4.4
Maces & Flails | 1 2 3 4 |  4.4
Staves         | 1 2 3 4 |  4.4
Slings         | 1 2 3 4 |  4.4
Bows           | 1 2 3 4 |  4.4
Crossbows      | 1 2 3 4 |  4.4
Throwing       | 1 2 3 4 |  4.4
Dodging        | 1 2 3 4 |  4.4
Stealth        | 1 2 3 4 |  4.4
Shields        | 1 2 3 4 |  4.4
Unarmed Combat | 1 2 3 4 |  4.4
Spellcasting   | 1 2 3 4 |  4.4
Invocations    | 1 2 3 4 |  4.9
Evocations     | 1 2 3 4 |  4.4
Conjurations   | 1 2 3 |  3.6
Hexes          | 1 2 3 |  3.6
Summonings     | 1 2 3 |  3.6
Necromancy     | 1 2 3 |  3.6
Translocations | 1 2 3 |  3.6
Transmutations | 1 2 3 |  3.6
Fire Magic     | 1 2 3 |  3.6
Ice Magic      | 1 2 3 |  3.6
Air Magic      | 1 2 3 |  3.6
Earth Magic    | 1 2 3 |  3.6
Poison Magic   | 1 2 3 |  3.6
Polearms       | 3 4 5 |  5.2
Armour         | 9 |  9.7

Action                   |  1- 3 |  4- 6 |  7- 9 || total
-------------------------+-------+-------+-------++-------
Melee: Spear             |    55 |       |       ||    55
       Bite              |     7 |    12 |    46 ||    65
       Mace              |    10 |    78 |       ||    88
       Short sword       |       |   109 |   275 ||   384
       Punch             |       |     3 |    12 ||    15
       Quarterstaff      |       |       |   102 ||   102
Throw: Stone             |    13 |    66 |   115 ||   194
Invok: Heroism           |       |       |    11 ||    11
Evoke: Wand              |       |       |     3 ||     3
  Use: Scroll            |       |     7 |     6 ||    13
       Potion            |       |       |    10 ||    10
Armor: Chain mail        |    34 |    94 |    88 ||   216
       Plate armour      |       |       |   142 ||   142
Dodge: Dodged            |    10 |    61 |   114 ||   185

Levels and vault maps discovered:
D:1:      tarquinn_simple_flora_water_b, layout_loops_ring, minmay_distorted
D:2:      layout_basic, serial_shops, shop, nicolae_ecumenical_oubliette,
          minmay_snake_closets, uniq_terence
D:3:      layout_basic, marbit_many_paths, gammafunk_ghost_grave
D:4:      layout_loops_ring, minmay_temple_entry_trees, solitary_fountain,
          hangedman_decor_diamond_cutter, uniq_eustachio
D:5:      layout_rooms, uniq_menkaure
D:6:      wad_lake_hut, layout_basic, old_standard_altar
D:7:      layout_layer_cave, makhleb_grotto_becter,
          chequers_temple_overflow_statue_of_worship,
          mainiacjoe_overflow_two_lobes, serial_shops, kennysheep_mini,
          minmay_gold_behind_fungi
D:8:      layout_basic
Temple:   nicolae_temple_figure_eight

Notes
Turn   | Place    | Note
-------+----------+-------------------------------------------
     0 | D:1      | Reached skill level 10 in Fighting
     0 | D:1      | spaghetti the Gnoll Wanderer began the quest for the Orb.
     0 | D:1      | spaghetti set off with the following items: a +1 spear
                  | {polearm}, a +0 chain mail, a scroll of teleportation {@r4}
     0 | D:1      | Reached XP level 1. HP: 29/29 MP: 1/1
     0 | D:1      | magus.rc [v1.9.6]
   251 | D:1      | You pick up a book of Decay and begin reading...
   251 | D:1      | You add the spells Corpse Rot, Dispel Undead and Death
                  | Channel to your library.
   257 | D:1      | Reached XP level 2. HP: 36/36 MP: 2/2
   923 | D:2      | Reached XP level 3. HP: 42/42 MP: 3/3
   987 | D:2      | Noticed Terence
   997 | D:2      | Killed Terence
   998 | D:2      | Reached skill level 1 in Short Blades
   998 | D:2      | Reached skill level 1 in Long Blades
   998 | D:2      | Reached skill level 1 in Axes
   998 | D:2      | Reached skill level 1 in Maces & Flails
   998 | D:2      | Reached skill level 1 in Staves
   998 | D:2      | Reached skill level 1 in Slings
   998 | D:2      | Reached skill level 1 in Bows
   998 | D:2      | Reached skill level 1 in Crossbows
   998 | D:2      | Reached skill level 1 in Throwing
   998 | D:2      | Reached skill level 1 in Dodging
   998 | D:2      | Reached skill level 1 in Stealth
   998 | D:2      | Reached skill level 1 in Shields
   998 | D:2      | Reached skill level 1 in Unarmed Combat
   998 | D:2      | Reached skill level 1 in Spellcasting
   998 | D:2      | Reached skill level 1 in Invocations
   998 | D:2      | Reached skill level 1 in Evocations
  1055 | D:2      | Found a faded altar of an unknown god.
  1184 | D:2      | Reached XP level 4. HP: 48/48 MP: 5/5
  1282 | D:2      | Reached skill level 1 in Conjurations
  1282 | D:2      | Reached skill level 1 in Hexes
  1282 | D:2      | Reached skill level 1 in Summonings
  1282 | D:2      | Reached skill level 1 in Necromancy
  1282 | D:2      | Reached skill level 1 in Translocations
  1282 | D:2      | Reached skill level 1 in Transmutations
  1282 | D:2      | Reached skill level 1 in Fire Magic
  1282 | D:2      | Reached skill level 1 in Ice Magic
  1282 | D:2      | Reached skill level 1 in Air Magic
  1282 | D:2      | Reached skill level 1 in Earth Magic
  1282 | D:2      | Reached skill level 1 in Poison Magic
  1381 | D:2      | Found Jaosez's Magic Scroll Emporium.
  1485 | D:2      | Bought a scroll of identify for 22 gold pieces
  1490 | D:2      | Bought a scroll of identify for 22 gold pieces
  2130 | D:3      | Found a runed translucent door.
  2130 | D:3      | Noticed jlumianski's ghost (weakling DsFi)
  2144 | D:3      | Reached XP level 5. HP: 54/54 MP: 6/6
  2383 | D:3      | Reached skill level 3 in Polearms
  2608 | D:3      | Found a hazy altar of Hepliaklqana.
  3284 | D:4      | Reached skill level 2 in Invocations
  3284 | D:4      | Reached XP level 6. HP: 47/61 MP: 8/8
  3512 | D:4      | Found a staircase to the Ecumenical Temple.
  3522 | Temple   | Entered the Ecumenical Temple
  3685 | Temple   | Became a worshipper of Warmaster Okawaru
  3870 | D:4      | Noticed Eustachio
  3921 | D:4      | Killed Eustachio
  3922 | D:4      | Reached skill level 2 in Short Blades
  3922 | D:4      | Reached skill level 2 in Long Blades
  3922 | D:4      | Reached skill level 2 in Axes
  3922 | D:4      | Reached skill level 2 in Maces & Flails
  3922 | D:4      | Reached skill level 2 in Staves
  3922 | D:4      | Reached skill level 2 in Slings
  3922 | D:4      | Reached skill level 2 in Bows
  3922 | D:4      | Reached skill level 2 in Crossbows
  3922 | D:4      | Reached skill level 2 in Throwing
  3922 | D:4      | Reached skill level 2 in Dodging
  3922 | D:4      | Reached skill level 2 in Stealth
  3922 | D:4      | Reached skill level 2 in Shields
  3922 | D:4      | Reached skill level 2 in Unarmed Combat
  3922 | D:4      | Reached skill level 2 in Spellcasting
  3922 | D:4      | Reached skill level 2 in Evocations
  4153 | D:5      | Entered Level 5 of the Dungeon
  4254 | D:5      | Reached XP level 7. HP: 61/67 MP: 10/10
  4312 | D:5      | Reached * piety under Okawaru
  4379 | D:5      | Noticed Menkaure
  4403 | D:5      | Killed Menkaure
  4404 | D:5      | Reached skill level 2 in Conjurations
  4404 | D:5      | Reached skill level 2 in Hexes
  4404 | D:5      | Reached skill level 2 in Summonings
  4404 | D:5      | Reached skill level 2 in Necromancy
  4404 | D:5      | Reached skill level 2 in Translocations
  4404 | D:5      | Reached skill level 2 in Transmutations
  4404 | D:5      | Reached skill level 2 in Fire Magic
  4404 | D:5      | Reached skill level 2 in Ice Magic
  4404 | D:5      | Reached skill level 2 in Air Magic
  4404 | D:5      | Reached skill level 2 in Earth Magic
  4404 | D:5      | Reached skill level 2 in Poison Magic
  4687 | D:5      | Reached skill level 9 in Armour
  4700 | D:5      | Reached skill level 3 in Invocations
  4931 | D:6      | Found a sparkling altar of Nemelex Xobeh.
  4992 | D:6      | Reached XP level 8. HP: 19/74 MP: 9/12
  5349 | D:6      | Reached skill level 3 in Short Blades
  5349 | D:6      | Reached skill level 3 in Long Blades
  5349 | D:6      | Reached skill level 3 in Axes
  5349 | D:6      | Reached skill level 3 in Maces & Flails
  5349 | D:6      | Reached skill level 4 in Polearms
  5349 | D:6      | Reached skill level 3 in Staves
  5349 | D:6      | Reached skill level 3 in Slings
  5349 | D:6      | Reached skill level 3 in Bows
  5349 | D:6      | Reached skill level 3 in Crossbows
  5349 | D:6      | Reached skill level 3 in Throwing
  5349 | D:6      | Reached skill level 3 in Dodging
  5349 | D:6      | Reached skill level 3 in Stealth
  5349 | D:6      | Reached skill level 3 in Shields
  5349 | D:6      | Reached skill level 3 in Unarmed Combat
  5349 | D:6      | Reached skill level 3 in Spellcasting
  5349 | D:6      | Reached skill level 3 in Evocations
  5354 | D:6      | Reached ** piety under Okawaru
  5600 | D:6      | Noticed a wyvern
  5610 | D:6      | Killed a wyvern
  5919 | D:6      | Reached skill level 11 in Fighting
  6158 | D:6      | Reached skill level 3 in Conjurations
  6158 | D:6      | Reached skill level 3 in Hexes
  6158 | D:6      | Reached skill level 3 in Summonings
  6158 | D:6      | Reached skill level 3 in Necromancy
  6158 | D:6      | Reached skill level 3 in Translocations
  6158 | D:6      | Reached skill level 3 in Transmutations
  6158 | D:6      | Reached skill level 3 in Fire Magic
  6158 | D:6      | Reached skill level 3 in Ice Magic
  6158 | D:6      | Reached skill level 3 in Air Magic
  6158 | D:6      | Reached skill level 3 in Earth Magic
  6158 | D:6      | Reached skill level 3 in Poison Magic
  6158 | D:6      | Reached skill level 4 in Invocations
  6691 | D:7      | Reached XP level 9. HP: 61/81 MP: 14/14
  7022 | D:7      | Reached skill level 4 in Short Blades
  7022 | D:7      | Reached skill level 4 in Long Blades
  7022 | D:7      | Reached skill level 4 in Axes
  7022 | D:7      | Reached skill level 4 in Maces & Flails
  7022 | D:7      | Reached skill level 4 in Staves
  7022 | D:7      | Reached skill level 4 in Slings
  7022 | D:7      | Reached skill level 4 in Bows
  7022 | D:7      | Reached skill level 4 in Crossbows
  7022 | D:7      | Reached skill level 4 in Throwing
  7022 | D:7      | Reached skill level 4 in Dodging
  7022 | D:7      | Reached skill level 4 in Stealth
  7022 | D:7      | Reached skill level 4 in Shields
  7022 | D:7      | Reached skill level 4 in Unarmed Combat
  7022 | D:7      | Reached skill level 4 in Spellcasting
  7022 | D:7      | Reached skill level 4 in Evocations
  7180 | D:7      | Reached *** piety under Okawaru
  7237 | D:7      | HP: 17/81 [poisoned by a kobold brigand]
  7256 | D:8      | HP: 20/81 [poisoned by a kobold brigand]
  7558 | D:7      | Reached skill level 5 in Polearms
  7592 | D:7      | Found a shimmering altar of Xom.
  7592 | D:7      | Found a snail-covered altar of Cheibriados.
  8012 | D:7      | Found a burning altar of Makhleb.
  8122 | D:7      | Found an ancient bone altar of Kikubaaqudgha.
  8368 | D:7      | Found Qisuttic's Distillery.
  8550 | D:7      | Found a stormy altar of Qazlal.
  9516 | D:8      | HP: 15/81 [large slime creature (21)]
  9517 | D:8      | Demolished by a large slime creature

Vanquished Creatures
  A slime creature (D:8)
  Eustachio (D:4)
  A wyvern (D:6)
  Menkaure (D:5)
  A water moccasin (D:6)
  An orc warrior (D:6)
  An ice beast (D:7)
  3 sky beasts
  A black bear (D:6)
  2 ogres
  2 centaurs (D:7)
  A kobold brigand (D:7)
  2 necrophages
  A scorpion (D:5)
  A howler monkey (D:7)
  5 hounds
  2 jellies (D:6)
  4 orc priests
  An iron imp (D:7)
  2 gnoll shamans (D:6)
  Terence (D:2)
  3 iguanas
  4 orc wizards
  7 gnolls (D:6)
  8 adders
  2 ufetubi (D:5)
  3 worms
  25 orcs
  8 ball pythons
  6 endoplasms
  A giant cockroach (D:3)
  5 goblins
  6 hobgoblins
  A quokka (D:5)
  4 bats
  3 frilled lizards
  4 kobolds
  5 rats
130 creatures vanquished.

Vanquished Creatures (others)
  2 fungi (D:7)
  6 plants (D:6)
  5 toadstools (D:7)
13 creatures vanquished.

Grand Total: 143 creatures vanquished

Table legend:
 A = Non-vault XP
 B = Vault XP
 C = Vault XP percentage of total XP
 D = Non-vault monster count
 E = Vault monster count
 F = Vault count percentage of total count
                 A         B        C        D         E       F
            +---------+---------+-------+---------+---------+-------
      Total |    3341 |     517 |  13.4 |     117 |      13 |  10.0
            +---------+---------+-------+---------+---------+-------
        D:1 |      17 |       2 |  10.5 |      12 |       1 |   7.7
        D:2 |      43 |      93 |  68.4 |       8 |       8 |  50.0
        D:3 |     108 |       3 |   2.7 |      19 |       1 |   5.0
        D:4 |      67 |     214 |  76.2 |      12 |       1 |   7.7
        D:5 |     321 |     165 |  34.0 |      14 |       1 |   6.7
        D:6 |    1225 |       0 |   0.0 |      25 |       0 |   0.0
        D:7 |    1110 |      40 |   3.5 |      19 |       1 |   5.0
        D:8 |     450 |       0 |   0.0 |       8 |       0 |   0.0
            +---------+---------+-------+---------+---------+-------

Illustrated notes

Table legend:
 A = Kills in this place as a percentage of kills in entire the game.
 B = Kills by you in this place as a percentage of kills by you in the entire game.
 C = Kills by friends in this place as a percentage of kills by friends in the entire game.
 D = Other kills in this place as a percentage of other kills in the entire game.
 E = Experience gained in this place as a percentage of experience gained in the entire game.
 F = Experience gained in this place divided by the number of levels of this place that you have seen.
                   A       B       C       D       E      F
               +-------+-------+-------+-------+-------+----------------------
         Total | 100.0 | 100.0 |   N/A |   N/A | 100.0 | 428.7
       Dungeon | 100.0 | 100.0 |   N/A |   N/A | 100.0 | 482.2
               +-------+-------+-------+-------+-------+----------------------

Table legend: (Time is in decaauts)
 A = Elapsed time spent in this place.
 B = Non-inter-level travel time spent in this place.
 C = Inter-level travel time spent in this place.
 D = Time resting spent in this place.
 E = Time spent auto-exploring this place.
 F = Levels seen in this place.
 G = Mean time per level.
                   A        B        C        D        E       F      G
               +--------+--------+--------+--------+--------+-----+--------+
         Total |   9451 |   9195 |    256 |    996 |   6936 |   9 | 1050.1 |
       Dungeon |   9256 |   9031 |    225 |    996 |   6784 |   8 | 1157.0 |
        Temple |    194 |    163 |     31 |      0 |    152 |   1 |  194.0 |
               +--------+--------+--------+--------+--------+-----+--------+

Top non-repeatable levels by time:
     D:7: 1830 daAuts
     D:6: 1765 daAuts
     D:2: 1227 daAuts
     D:3: 1033 daAuts
     D:4: 1024 daAuts
     D:5: 842 daAuts
     D:8: 829 daAuts
     D:1: 701 daAuts
  Temple: 194 daAuts
